 Dungeon Crawl Stone Soup version 0.26-a0-52-gd53d4cd058 (webtiles) character file.

Game seed: 1826061542425360798

95 Aramant the Vandal (level 4, -1/29 HPs)
             Began as a Halfling Hunter on June 5, 2020.
             Killed from afar by an orc wizard (3 damage)
             ... with a magic dart
             ... on level 4 of the Dungeon.
             The game lasted 00:09:17 (947 turns).

Aramant the Vandal (Halfling Hunter)                 Turns: 947, Time: 00:09:18

Health: -1/29      AC:  4    Str: 13    XL:     4   Next: 97%
Magic:  1/1        EV: 15    Int:  9    God:
Gold:   23         SH:  0    Dex: 15    Spells: 3/3 levels left

rFire    . . .     SeeInvis .   m - +2 whip (antimagic)
rCold    . . .     Gourm    .   (shield restricted)
rNeg     . . .     Faith    .   c - +0 leather armour
rPois    .         Spirit   .   h - +0 helmet
rElec    .         Reflect  .   (no cloak)
rCorr    .         Harm     .   (no gloves)
MR       .....                  (no boots)
Stlth    ++........             (no amulet)
HPRegen  0.09/turn              (no ring)
MPRegen  0.07/turn              (no ring)

@: slowed, very slow
A: small, mutation resistance 1
a: no special abilities


You were on level 4 of the Dungeon.
You were not hungry.

You visited 1 branch of the dungeon, and saw 4 of its levels.

You collected 23 gold pieces.

Inventory:

Hand Weapons
 a - a +1 hunting sling
 b - a +0 short sword
 m - a +2 antimagic whip (weapon)
Missiles
 d - 20 sling bullets
 j - 3 boomerangs (quivered)
Armour
 c - a +0 leather armour (worn)
 e - a +0 robe
 h - a +0 helmet (worn)
Jewellery
 i - an uncursed ring of ice
Scrolls
 g - 2 scrolls of identify
 k - 2 scrolls of remove curse
 l - a scroll of teleportation {unknown}
Comestibles
 f - 3 rations


   Skills:
 + Level 2.1 Fighting
 + Level 1.0 Short Blades
 + Level 7.7 Slings
 + Level 1.0 Armour
 + Level 2.5 Dodging
 + Level 1.1 Stealth


You had 3 spell levels left.
You didn't know any spells.
Your spell library was empty.

Dungeon Overview and Level Annotations

Branches:
Dungeon (4/15)
 Temple: D:4-7

Altars:
Qazlal
Yredelemnul


Innate Abilities, Weirdness & Mutations

You are small and have problems with some larger weapons.
You are somewhat resistant to further mutation.


Message History

The frilled lizard barely misses you.
Your leather armour prevents you from hitting the orc wizard.
The orc wizard points at you and mumbles some strange words.
The magic dart hits you.
* * * LOW HITPOINT WARNING * * *
The orc barely misses you. The frilled lizard closely misses you.
The orc wizard hits you but does no damage.
The orc barely misses you. The frilled lizard closely misses you.
You remove your ring of ice.
The orc wizard hits you with a +0 dagger.
* * * LOW HITPOINT WARNING * * *
The orc hits you but does no damage.
Unknown command.
As you read the scroll labeled MECUAL DATOYTU, it crumbles to dust.
It is a scroll of identify.
k - 2 scrolls of remove curse The orc wizard completely misses you.
The frilled lizard barely misses you.
The orc wizard points at you and mumbles some strange words.
The magic dart hits you.
You die...

...#######...........#
..........†.....####.###
..........†.....#.......
......................#
.............##.......#
........#######.......#
######......# #.......#
#o.....#####.....#
#)@l...... ......#
....(..o..........#####
..(................
(.................
(......#####.## ......#
... ...... .. ......


You could see an orc wizard (fast), an orc and a frilled lizard.

Vanquished Creatures
  An orc wizard (D:4)
  Natasha (D:4)
  Robin (D:3)
  An adder (D:3)
  A bat (D:3)
  12 goblins
  A hobgoblin (D:3)
  2 quokkas
  A frilled lizard (D:3)
  A kobold (D:2)
  A rat (D:3)
23 creatures vanquished.

Notes
Turn   | Place    | Note
-------+----------+-------------------------------------------
     0 | D:1      | Aramant the Halfling Hunter began the quest for the Orb.
     0 | D:1      | Reached XP level 1. HP: 14/14 MP: 1/1
   192 | D:3      | Reached skill level 6 in Slings
   227 | D:3      | Found a stormy altar of Qazlal.
   268 | D:3      | Reached XP level 2. HP: 19/19 MP: 2/2
   306 | D:3      | Noticed Robin
   308 | D:3      | Reached XP level 3. HP: 24/24 MP: 3/3
   314 | D:3      | Reached skill level 7 in Slings
   319 | D:3      | Killed Robin
   864 | D:4      | Noticed Natasha
   868 | D:4      | Killed Natasha
   868 | D:4      | Reached XP level 4. HP: 25/29 MP: 4/4
   914 | D:4      | Found a basalt altar of Yredelemnul.
   943 | D:4      | Reached skill level 1 in Short Blades
   943 | D:4      | Reached skill level 1 in Armour
   947 | D:4      | Killed from afar by an orc wizard

Illustrated notes

Levels and vault maps discovered:
D:1:      ncdulo_smallfort, layout_basic
D:2:      layout_loops_ring, nicolae_ru_the_path_less_chosen,
          lemuel_doored_altar, kennysheep_generic_room_4
D:3:      layout_rooms, lemuel_crystal_altar, uniq_robin
D:4:      layout_basic, yredelemnul_forgotten_temple_becter, elyvilon_altar_5,
          nicolae_dithmenos_shadow_blocks, uniq_natasha

Skill      XL: |  1  2  3  4 |
---------------+-------------+-----
Slings         | 6 7 |  7.7
Fighting       | 2 |  2.1
Short Blades   | 1 |  1.0
Armour         | 1 |  1.0
Dodging        | |  2.5
Stealth        | |  1.1

Action                   |  1- 3 |  4- 6 || total
-------------------------+-------+-------++-------
Melee: Hunting sling     |     5 |       ||     5
       Short sword       |    23 |       ||    23
       Whip              |       |     7 ||     7
 Fire: Hunting sling     |    33 |    14 ||    47
  Use: Potion            |     1 |       ||     1
       Scroll            |       |     1 ||     1
Armor: Leather armour    |     8 |     5 ||    13
Dodge: Dodged            |    25 |    22 ||    47

Table legend:
 A = Non-vault XP
 B = Vault XP
 C = Vault XP percentage of total XP
 D = Non-vault monster count
 E = Vault monster count
 F = Vault count percentage of total count
                 A         B        C        D         E       F
            +---------+---------+-------+---------+---------+-------
      Total |      66 |      71 |  51.8 |      10 |      13 |  56.5
            +---------+---------+-------+---------+---------+-------
        D:2 |       1 |       0 |   0.0 |       1 |       0 |   0.0
        D:3 |      23 |      30 |  56.6 |       7 |       9 |  56.2
        D:4 |      42 |      41 |  49.4 |       2 |       4 |  66.7
            +---------+---------+-------+---------+---------+-------
